 Dungeon Crawl Stone Soup version 0.17-a0-1850-g688e747 (webtiles) character file.

17 Kingtendie the Caller (level 2, -2/19 HPs)
             Began as a Mummy Summoner on Sept 19, 2015.
             Slain by a giant gecko (3 damage)
             ... on level 2 of the Dungeon.
             The game lasted 00:09:54 (2369 turns).

Kingtendie the Caller (Mummy Summoner)              Turns: 2369, Time: 00:09:56

Health: -2/19      AC:  2    Str: 11    XL:     2   Next: 44%
Magic:  1/5        EV: 12    Int: 14    God:
Gold:   47         SH:  0    Dex: 12    Spells: 1 memorised, 4 levels left

rFire  x . .     SeeInvis .     c - +0 dagger
rCold  + . .     Clarity  .     a - +0 robe
rNeg   + + +     SustAt   .     (no shield)
rPois  ∞         Gourm    .     (no helmet)
rElec  .         Spirit   .     (no cloak)
rCorr  .         Warding  .     (no gloves)
rMut   .         Stasis   .     (no boots)
MR     .....                    (no amulet)
Stlth  ++........               (no ring)
                                (no ring)

@: not resistant to hostile enchantments, unstealthy
A: no food or potions, fire vulnerability, cold resistance 1, negative energy
resistance 3, torment resistance, unbreathing
a: no special abilities


You were on level 2 of the Dungeon.
You were not hungry.

You visited 1 branch of the dungeon, and saw 2 of its levels.

You collected 47 gold pieces.

Inventory:

Hand weapons
 c - a +0 dagger (weapon)
Armour
 a - a +0 robe (worn)
 h - a +0 leather armour
Scrolls
 e - a scroll of remove curse {unknown}
 j - a scroll of identify {unknown}
Potions
 d - a potion of mutation {unknown}
 f - a potion of cure mutation {unknown}
 g - a potion of heal wounds {unknown}
Books
 b - a book of Callings

   Spells                             Type                      Level
   a - Summon Small Mammal            Summoning                    1
   b - Call Imp                       Summoning                    2
   c - Call Canine Familiar           Summoning                    3
   d - Summon Guardian Golem          Hexes/Summoning              3
   e - Summon Lightning Spire         Summoning/Air                4
   f - Summon Ice Beast               Ice/Summoning                4
Comestibles
 i - 3 bread rations
 k - a meat ration


   Skills:
 + Level 1.7 Dodging
 + Level 1.6 Stealth
 + Level 2.3 Spellcasting
 + Level 3.5 Summonings


You had 4 spell levels left.
You knew the following spells:

 Your Spells              Type           Power        Failure   Level  Hunger
a - Summon Small Mammal   Summ           ##..         6%          1    N/A

Dungeon Overview and Level Annotations

Branches:
Dungeon (2/15)

Altars:


Innate Abilities, Weirdness & Mutations

You do not eat or drink.
Your flesh is vulnerable to fire.
You are immune to poison.
Your flesh is cold resistant.
You are immune to negative energy.
You are immune to unholy pain and torment.
You can survive without breathing.


Message History

Your rat closely misses the giant gecko.
The giant gecko barely misses you.
The kobold hits your rat but does no damage.
Your rat barely misses the kobold.
The giant gecko bites you.
* * * LOW HITPOINT WARNING * * *
You barely miss the giant gecko. The giant gecko misses you.
You barely miss the giant gecko. The giant gecko barely misses you.
Your quokka bites the giant gecko.
You hit the giant gecko.
The giant gecko is heavily wounded.
The giant gecko bites you.
* * * LOW HITPOINT WARNING * * *
The kobold barely misses your quokka.
Your quokka misses the giant gecko.
You hit the giant gecko but do no damage.
The giant gecko is heavily wounded.
The giant gecko bites you.
* * * LOW HITPOINT WARNING * * *
The kobold hits your quokka but does no damage.
Your quokka misses the kobold. The giant gecko bites you.
You die...

.... ...
..... ..
...... .. ..#
.###...##
..#8...8
#.##...#
#.##...#
#@##...##
#l#8...8# .
#r##.(.##....
#rK.Kr.......
#.r..rr.[....
#...(........
#............
#............
####...#.....


You could see a giant gecko, a kobold, a friendly quokka and 2 friendly rats.

Vanquished Creatures
  A rat (D:1)
1 creature vanquished.

Vanquished Creatures (collateral kills)
  An ooze (D:1)
  3 goblins (D:1)
  4 kobolds (D:1)
  5 bats
  2 giant cockroaches (D:1)
  A giant newt (D:1)
  5 rats
21 creatures vanquished.

Grand Total: 22 creatures vanquished

Notes
Turn   | Place    | Note
--------------------------------------------------------------
     0 | D:1      | Kingtendie the Mummy Summoner began the quest for the Orb.
     0 | D:1      | Reached XP level 1. HP: 13/13 MP: 3/3
  1318 | D:1      | You fall through a shaft!
  1682 | D:1      | Reached XP level 2. HP: 5/19 MP: 1/5
  2369 | D:2      | Slain by a giant gecko

Vault maps used:
D:1:      co_arrival_random_square_maze, dk_noncrumbling_2,
          minmay_misc_feat_encased, serial_park_tiny_1
D:2:      serial_corexii_hall, corexii_hall_statues_t, corexii_hall_statues_t,
          cheibrodos_gnoll_hut, uniq_natasha

Action                   || total
-------------------------++-------
Melee: Unarmed           ||    30
       Dagger            ||    21
 Cast: Summon Small Mamm ||    56
  Use: Scroll            ||     2
